Unix NetHack Version 3.7.0-89 Work-in-progress - last build Nov 29 2023 03:14:05 (8663f69846b387d428bf56816b0fc57e108cd183,branch:master). Game began 2023-12-02 15:16:53, ended 2023-12-02 15:31:12. elenmirie, neutral female human Priestess ------ |....| ------ 0################# ------------ |.*...## |...>|##################B@d# -------------####.......>...| |....| # |....-# |...........|## |..........| |.....#####-....|# |...........|### +..........| ------ # ------# |...........| # --------.--- ######### |............## # )# |...........| ## ## # -------.----- ## # ------ ##### # # |...`. ## # ## |..)^| ## # ##|....| #### ## #|....| # ----------|- #|....| ##### ----.--- |..........| #-.<...###########|......| ##### |..........| ------ #-......| 0####...........| |......| |..........| -------- ------------ Elenmirie the Acolyte St:11 Dx:11 Co:16 In:9 Wi:16 Ch:13 Neutral Dlvl:3 $:273 HP:0(31) Pw:39(39) AC:7 Xp:3/64 T:1483 Latest messages: You kill the giant rat! You miss the grid bug. The grid bug bites! You avoid harm. You miss the grid bug. The grid bug bites! You avoid harm. You miss the grid bug. The grid bug bites! You get zapped! You miss the grid bug. The grid bug misses! You kill the grid bug! $ - 6 gold pieces (273 in total). You kill the grid bug! You swap places with Yermak. Yermak misses the acid blob. Yermak misses the acid blob. Yermak misses the acid blob. Yermak misses the acid blob. Yermak misses the acid blob. Yermak bites the acid blob. The acid blob is killed! You hear the footsteps of a guard on patrol. You try to move the boulder, but in vain. You swap places with Yermak. You attack thin air. With great effort you move the boulder. You hear a monster behind the boulder. Perhaps that's why you cannot move it. You hear a monster behind the boulder. Perhaps that's why you cannot move it. With great effort you move the boulder. The giant bat bites! The giant bat bites! You hit the giant bat. The giant bat bites! The giant bat bites! You miss the giant bat. The giant bat bites! The giant bat bites! You hit the giant bat! The giant bat bites! The giant bat bites! You die... Do you want your possessions identified? [ynq] (y) y Do you want to see your attributes? [ynq] (y) y Do you want an account of creatures vanquished? [ynaq] (y) y Do you want to see your conduct and achievements? [ynq] (y) y Do you want to see the dungeon overview? [ynq] (y) y Inventory: Coins $ - 273 gold pieces Weapons a - a blessed +1 mace (weapon in hand) Armor c - an uncursed +0 small shield (being worn) b - an uncursed +0 robe (being worn) Comestibles e - an uncursed clove of garlic o - an uncursed fortune cookie f - an uncursed sprig of wolfsbane Scrolls m - an uncursed scroll of destroy armor l - an uncursed scroll of magic mapping Potions i - an uncursed potion of paralysis q - an uncursed potion of restore ability p - a blessed potion of sickness d - 4 potions of holy water n - an uncursed potion of water Elenmirie the Priestess's attributes: Background: You were an Acolyte, a level 3 human Priestess. You were neutral, nominally on a mission for Odin who was opposed by Tyr (lawful) and Loki (chaotic). You were in the Dungeons of Doom, on level 3. You entered the dungeon 1483 turns ago. You had 64 experience points, 16 more were needed to attain level 4. Basics: You had 0 out of 31 hit points. You had all 39 energy points (spell power). Your armor class was 7. Your wallet contained 273 zorkmids. Autopickup was on for '$' plus thrown. Final Characteristics: Your strength was 11 (limit:18/100). Your dexterity was 11 (limit:18). Your constitution was 16 (limit:18). Your intelligence was 9 (limit:18). Your wisdom was 16 (limit:18). Your charisma was 13 (limit:18). Final Status: You weren't hungry. You were unencumbered. You were wielding a mace. You had basic skill with mace. Final Attributes: You were devoutly aligned. You were guarded. You are dead. Miscellaneous: You never encountered a bones level. Total elapsed playing time was 14 minutes and 16 seconds. Major events: Turn 1: elenmirie the neutral human Priestess entered the dungeon 893: attained the rank of Acolyte (level 3) 1483: killed by a giant bat Vanquished creatures: an acid blob 2 hobbits a giant rat a gnome zombie a gecko a fox 2 kobolds a goblin 2 sewer rats 5 grid bugs 2 bats 3 lichens 4 newts 26 creatures vanquished. No species were genocided or became extinct. Voluntary challenges: You were an atheist. You were illiterate. You never engraved Elbereth. You never genocided any monsters. You never polymorphed an object. You never changed form. You used no wishes. Achievements: You entered a shop. You attained the rank of Acolyte. The Dungeons of Doom: levels 1 to 3 Level 1: A fountain. Level 2: "books in shop" A general store. Level 3: <- You were here. Final resting place for you, killed by a giant bat. Game over: ---------- / \ / REST \ / IN \ / PEACE \ / \ | elenmirie | | 273 Au | | killed by a | | giant bat | | | | | | 2023 | *| * * * | * _________)/\\_//(\/(/\)/\//\/|_)_______ Goodbye elenmirie the Priestess... You died in The Dungeons of Doom on dungeon level 3 with 602 points, and 273 pieces of gold, after 1483 moves. You were level 3 with a maximum of 31 hit points when you died.